 Dungeon Crawl Stone Soup version 0.22-a0-601-gb0ed703 (webtiles) character file.

15938 Hebeh the Basher (level 12, 0/160 HPs)
             Began as a Minotaur Fighter on July 6, 2018.
             Was an Elder of Trog.
             Slain by a fire elemental (1 damage)
             ... led by Azrael
             ... on level 12 of the Dungeon.
             The game lasted 00:48:50 (10285 turns).

Hebeh the Basher (Minotaur Fighter)                Turns: 10285, Time: 00:48:51

Health: 0/160      AC: 15    Str: 31    XL:     12   Next: 5%
Magic:  0/11       EV: 10    Int:  8    God:    Trog [****..]
Gold:   755        SH:  0    Dex:  7    Spells: 11/11 levels left

rFire    . . .     SeeInvis .   L - +5 pair of quick blades "Gyre" and "Gimble" {pierce, Dex-3}
rCold    . . .     Gourm    .   (shield currently unavailable)
rNeg     . . .     Faith    .   u - +5 ring mail of the Ward {Int+3}
rPois    .         Spirit   +   (helmet restricted)
rElec    .         Reflect  .   D - scarf {Spirit}
rCorr    +         Harm     .   I - +0 pair of gloves
MR       ++...                  t - +0 pair of boots
Stlth    ..........             l - amulet of regeneration
HPRegen  1.76/turn              p - ring of resist corrosion
MPRegen  0.12/turn              r - +5 ring of slaying

@: berserking, regenerating, very quick
A: retaliatory headbutt, horns 2
a: Berserk, Trog's Hand, Brothers in Arms, Renounce Religion


You were on level 12 of the Dungeon.
You worshipped Trog.
Trog was greatly pleased with you.
You were very hungry.

You visited 2 branches of the dungeon, and saw 13 of its levels.

You collected 755 gold pieces.

Inventory:

Hand Weapons
 a - a +1 mace of protection
 b - a +0 hunting sling of velocity
 L - the +5 pair of quick blades "Gyre" and "Gimble" (weapon) {pierce, Dex-3}
   (You found it on level 12 of the Dungeon)

   It inflicts extra damage upon your enemies.
   It affects your dexterity (-3).
Missiles
 h - 97 sling bullets
 n - 204 stones
 y - 6 javelins (quivered)
Armour
 c - a +1 shield
 t - a +0 pair of boots (worn)
 u - the +5 ring mail of the Ward (worn) {Int+3}
   (You found it on level 7 of the Dungeon)

   It affects your intelligence (+3).
 C - a +0 chain mail of poison resistance
 D - a scarf of spirit shield (worn)
 I - a +0 pair of gloves (worn)
Jewellery
 l - an amulet of regeneration (around neck)
 p - a ring of resist corrosion (left hand)
 r - a +5 ring of slaying (right hand)
 x - an uncursed ring of protection from cold
Wands
 j - a wand of paralysis (17)
 k - a wand of flame (21)
 o - a wand of acid (6)
 G - a wand of disintegration (12)
Scrolls
 g - 3 scrolls of magic mapping
 i - a scroll of enchant weapon
 q - 4 scrolls of enchant armour
 s - 6 scrolls of teleportation
 w - 4 scrolls of remove curse
 H - 2 scrolls of identify
Potions
 d - 2 potions of might
 e - 3 potions of agility
 m - 2 potions of heal wounds
 z - 2 potions of invisibility
 A - 6 potions of curing
 B - a potion of lignification
 E - 2 potions of haste
 F - a potion of degeneration {unknown}
 J - a potion of cancellation {unknown}
Miscellaneous
 K - a phantom mirror
Comestibles
 f - 21 rations
 v - 6 chunks of flesh


   Skills:
 + Level 10.3 Fighting
   Level 4.2(9.5) Axes
 * Level 13.0(13.2) Maces & Flails
 + Level 8.0 Throwing
 + Level 10.3 Armour
 + Level 10.2 Shields


You had 11 spell levels left.
You didn't know any spells.
Your spell library contained the following spells:

 Spells                   Type           Power        Failure   Level  Hunger
 Confuse                  Hex            #.......     86%         3    ####...
 Tukima's Dance           Hex            #.......     86%         3    ####...
 Ensorcelled Hibernation  Hex/Ice        #.....       65%         2    ###....
 Corona                   Hex            #......      50%         1    ##.....
 Dazzling Spray           Conj/Hex       #.....       86%         3    ####...


Dungeon Overview and Level Annotations

Branches:
Dungeon (12/15)            Temple (1/1) D:7            Lair (0/6) D:9
    Orc (0/2) D:9

Altars:
Ashenzari
Cheibriados
Dithmenos
Elyvilon
Fedhas
Gozag
Hepliaklqana
Kikubaaqudgha
Makhleb
Nemelex Xobeh
Okawaru
Qazlal
Ru
Sif Muna
Trog
Uskayaw
Vehumet
Wu Jian
Xom
Yredelemnul
Zin
The Shining One

Shops:
D:11 =

Annotations:
D:5 1 runed door, Voxish's ghost, novice HOFi
D:7 3 runed doors, Amnesiac's ghost, novice DEWz
D:8 1 runed door
D:12 Azrael


Innate Abilities, Weirdness & Mutations

You reflexively headbutt those who attack you in melee.
You have a pair of horns on your head.


Message History

The fire elemental barely misses you.
The hell hound bites you but does no damage.
You puncture the hell hound! You hit the hell hound.
The big kobold barely misses you. You furiously retaliate!
You headbutt the big kobold. The fire elemental hits you.
The fire elemental burns you!
* * * LOW HITPOINT WARNING * * *
The hell hound bites you but does no damage.
Unknown command.
You closely miss the hell hound.
Your ring mail of the Ward prevents you from hitting the hell hound.
The fire elemental closely misses you. You furiously retaliate!
You headbutt the fire elemental!! The hell hound bites you!
* * * LOW HITPOINT WARNING * * *
The centaur skeleton closely misses you.
You furiously retaliate!
You headbutt the centaur skeleton!!
You destroy the centaur skeleton!
Trog accepts your kill. The fire elemental hits you.
You die...

#..............########
#......................
#.............#>.######
##........#######.#
##...?.(...### #.#
#.......(....# #.[
#...)...§(....# ####
#........EK...#
#.......E@K...#
##.....(hhEh...[.
##...##.R§KK.##.
##.....#§......
#.....#...o... # ...K
....... ..... .......
#..... ....... . .


You could see Azrael, 3 fire elementals, 3 hell hounds, a big kobold, an orc and
4 kobolds.

Vanquished Creatures
  Harold (D:11)
  Fannar (D:10)
  4 two-headed ogres
  Pikel (D:7)
  An ugly thing (D:12)
  A cyclops (D:12)
  A gargoyle (D:10)
  2 trolls
  Grinder (D:4)
  2 hornets
  2 hippogriffs
  3 yaks (D:11)
  2 hungry ghosts (D:8)
  3 wyverns
  Grum (D:8)
  5 swamp worms (D:11)
  A soldier ant (D:7)
  A porcupine (D:9)
  2 hell hounds (D:12)
  2 slaves (D:7)
  3 orc warriors
  6 sky beasts
  A hornet zombie (D:10)
  4 ice beasts
  An eye of draining (D:8)
  2 necrophages (D:10)
  6 centaurs
  3 ogres
  A black bear (D:9)
  A phantom (D:4)
  2 wolves (D:8)
  4 crocodiles
  2 big kobolds
  6 bullfrogs
  A wyvern zombie (D:6)
  2 wyvern skeletons (D:11)
  A scorpion (D:8)
  9 howler monkeys
  11 wights
  3 centaur zombies
  4 crimson imps
  7 bullfrog skeletons
  6 orc priests
  4 bullfrog zombies
  3 hounds
  2 iguanas
  2 jellies
  4 centaur skeletons
  18 orc wizards
  A human skeleton (D:8)
  6 worker ants
  A hound zombie (D:5)
  3 worker ant zombies
  A howler monkey skeleton (D:5)
  11 gnolls
  10 adders
  5 shadow imps
  2 oozes (D:3)
  3 adder skeletons
  3 adder zombies
  2 worms
  2 dart slugs
  5 leopard geckos
  57 orcs
  8 bats
  10 giant cockroaches
  7 goblins
  10 hobgoblins
  5 jackals
  12 kobolds
  8 quokkas
  3 ball pythons
  A ball python zombie (D:5)
  6 frilled lizards
  3 jackal zombies (D:5)
  A leopard gecko skeleton (D:5)
  3 quokka zombies (D:5)
  9 rats
354 creatures vanquished.

Vanquished Creatures (others)
  A fungus (D:9)
  2 plants (D:11)
3 creatures vanquished.

Grand Total: 357 creatures vanquished

Notes
Turn   | Place    | Note
-------+----------+-------------------------------------------
     0 | D:1      | Hebeh the Minotaur Fighter began the quest for the Orb.
     0 | D:1      | Reached XP level 1. HP: 19/19 MP: 0/0
     2 | D:1      | Noticed a gargoyle
     2 | D:1      | Noticed a formicid
     4 | D:1      | Noticed a spriggan
     4 | D:1      | Noticed a minotaur
     6 | D:1      | Noticed a vampire
     8 | D:1      | Noticed a naga
     8 | D:1      | Noticed a human
    10 | D:1      | Noticed a vine stalker
    10 | D:1      | Noticed a halfling
    12 | D:1      | Noticed a tengu
    12 | D:1      | Noticed an ogre
    14 | D:1      | Noticed a ghoul
    14 | D:1      | Noticed a demigod
    16 | D:1      | Noticed a centaur
    18 | D:1      | Noticed an elf
    18 | D:1      | Noticed a dwarf
    20 | D:1      | Noticed a draconian
    22 | D:1      | Noticed a merfolk
    22 | D:1      | Noticed a demonspawn
    24 | D:1      | Noticed a felid
    24 | D:1      | Noticed a troll
    26 | D:1      | Noticed an octopode
   363 | D:1      | Reached XP level 2. HP: 27/27 MP: 1/1
  1225 | D:1      | Reached XP level 3. HP: 4/33 MP: 2/2
  1490 | D:1      | Reached skill level 1 in Throwing
  1511 | D:1      | Reached XP level 4. HP: 10/40 MP: 3/3
  2178 | D:2      | Found a glowing golden altar of the Shining One.
  2179 | D:2      | Found a sparkling altar of Nemelex Xobeh.
  2184 | D:2      | Reached XP level 5. HP: 45/47 MP: 4/4
  2187 | D:2      | Found a shimmering altar of Xom.
  2187 | D:2      | Found a burning altar of Makhleb.
  2187 | D:2      | Found a blossoming altar of Fedhas.
  2187 | D:2      | Found an opulent altar of Gozag.
  2187 | D:2      | Found a shattered altar of Ashenzari.
  2189 | D:2      | Found a stormy altar of Qazlal.
  2340 | D:2      | Found a deep blue altar of Sif Muna.
  2496 | D:3      | Reached skill level 1 in Maces & Flails
  2687 | D:3      | Reached skill level 2 in Maces & Flails
  2687 | D:3      | Reached XP level 6. HP: 41/53 MP: 5/5
  3578 | D:4      | Reached skill level 3 in Maces & Flails
  3591 | D:4      | Noticed Grinder
  3605 | D:4      | Reached skill level 5 in Fighting
  3606 | D:4      | Reached skill level 5 in Shields
  3609 | D:4      | Killed Grinder
  3609 | D:4      | Reached skill level 4 in Maces & Flails
  3609 | D:4      | Reached skill level 5 in Armour
  3609 | D:4      | Reached XP level 7. HP: 50/61 MP: 6/6
  3865 | D:5      | Entered Level 5 of the Dungeon
  3911 | D:5      | Reached skill level 5 in Maces & Flails
  3923 | D:5      | Reached XP level 8. HP: 58/70 MP: 7/7
  4010 | D:5      | Found a runed door.
  4016 | D:5      | Found a sacrificial altar of Ru.
  4159 | D:5      | Found a glowing silver altar of Zin.
  4421 | D:5      | Noticed Voxish's ghost (novice HOFi)
  4639 | D:6      | Reached skill level 6 in Maces & Flails
  5222 | D:7      | Noticed a hornet
  5238 | D:7      | Killed a hornet
  5333 | D:7      | Noticed Pikel
  5347 | D:7      | Killed Pikel
  5347 | D:7      | Reached skill level 7 in Maces & Flails
  5347 | D:7      | Reached XP level 9. HP: 77/78 MP: 8/8
  5420 | D:7      | Got a slimy ring mail
  5522 | D:7      | Reached skill level 8 in Maces & Flails
  5547 | D:7      | Identified the +5 ring mail of the Ward {Int+3} (You found it on level 7 of the Dungeon)
  5839 | D:7      | Reached skill level 5 in Throwing
  5929 | D:7      | Found a runed gate.
  5929 | D:7      | Found a runed gate.
  5929 | D:7      | Found a runed gate.
  5930 | D:7      | Noticed Amnesiac's ghost (novice DEWz)
  6224 | D:7      | Found a staircase to the Ecumenical Temple.
  6230 | Temple   | Entered the Ecumenical Temple
  6414 | Temple   | Became a worshipper of Trog the Wrathful
  6607 | D:8      | Reached skill level 9 in Maces & Flails
  6613 | D:8      | Found a runed door.
  6615 | D:8      | Found a basalt altar of Yredelemnul.
  6786 | D:8      | Reached XP level 10. HP: 65/88 MP: 9/9
  6874 | D:8      | Reached * piety under Trog
  6905 | D:8      | Noticed Grum
  6923 | D:8      | Killed Grum
  7212 | D:8      | Reached skill level 10 in Maces & Flails
  7397 | D:8      | Noticed a two-headed ogre
  7404 | D:8      | Killed a two-headed ogre
  7736 | D:9      | Reached ** piety under Trog
  7908 | D:9      | Found a staircase to the Lair.
  7924 | D:9      | Found a staircase to the Orcish Mines.
  7946 | D:9      | Reached skill level 11 in Maces & Flails
  7986 | D:9      | Noticed a two-headed ogre
  7996 | D:9      | Killed a two-headed ogre
  8084 | D:9      | Reached XP level 11. HP: 89/97 MP: 7/10
  8110 | D:9      | Found a radiant altar of Vehumet.
  8117 | D:9      | Found a snail-covered altar of Cheibriados.
  8211 | D:10     | Entered Level 10 of the Dungeon
  8250 | D:10     | Noticed Fannar
  8273 | D:10     | Reached *** piety under Trog
  8285 | D:10     | Killed Fannar
  8940 | D:11     | Found Itzar's Jewellery Emporium.
  9124 | D:11     | Reached skill level 12 in Maces & Flails
  9383 | D:11     | Reached **** piety under Trog
  9526 | D:11     | Noticed a two-headed ogre
  9533 | D:11     | Killed a two-headed ogre
  9570 | D:11     | Noticed a two-headed ogre
  9582 | D:11     | Killed a two-headed ogre
  9717 | D:11     | Noticed Harold
  9733 | D:11     | Killed Harold
  9733 | D:11     | Reached skill level 10 in Fighting
  9733 | D:11     | Reached skill level 10 in Armour
  9733 | D:11     | Reached skill level 10 in Shields
 10008 | D:12     | Noticed a cyan ugly thing
 10028 | D:12     | Killed a cyan ugly thing
 10189 | D:12     | Reached XP level 12. HP: 106/106 MP: 11/11
 10198 | D:12     | Found the +5 pair of quick blades "Gyre" and "Gimble" {pierce, Dex-3}
 10237 | D:12     | Reached skill level 13 in Maces & Flails
 10240 | D:12     | Noticed Azrael
 10284 | D:12     | HP: 7/159 [fire elemental[Azrael] (12)]
 10285 | D:12     | HP: 1/159 [hell hound[Azrael] (7)]
 10285 | D:12     | Slain by a fire elemental

Vault maps used:
D:1:      kb_arrival_jail, serial_bayou_pond_d
D:2:      grunt_temple_overflow_open, lemuel_blue_sif_altar, first_ration,
          minmay_box_of_dots
D:3:      wad_floor_pattern_2
D:4:      uniq_grinder
D:5:      zin_treasury, ebering_ghost_reflecting_pool, serial_undead,
          serial_undead_d, serial_undead_e, serial_undead_f, serial_undead_e,
          serial_undead_d, serial_undead_b, nicolae_ru_awakened_eye
D:7:      minmay_temple_entry_fiery, gammafunk_ghost_necromancy, uniq_pikel
D:8:      blue_anna_alchemist, dk_yredelemnul_ordeal, uniq_grum
D:9:      minitemple, grunt_lair_entry_orc_guard_hut
D:10:     st_stairs_8, uniq_fannar
D:11:     serial_shops, nicolae_shop_statue_plus,
          hangedman_abyss_or_decor_slice, minmay_misc_feat_x, worms_lemuel,
          uniq_harold
D:12:     uniq_azrael
Temple:   dpeg_chambers_temple

Skill      XL: |  1  2  3  4  5  6  7  8  9 10 11 12 |
---------------+-------------------------------------+-----
Axes           | 3 4 |  4.2
Fighting       | 4 5 6 7 9 10 | 10.3
Throwing       | 1 2 3 4 5 6 8 |  8.0
Armour         | 4 5 6 7 9 10 | 10.3
Shields        | 4 5 6 7 9 10 | 10.2
Maces & Flails | 2 4 5 7 9 11 12 13 | 13.0

Action                   |  1- 3 |  4- 6 |  7- 9 | 10-12 || total
-------------------------+-------+-------+-------+-------++-------
Melee: War axe           |    46 |    52 |       |       ||    98
       Headbutt          |     5 |    35 |    89 |   115 ||   244
       Mace              |       |   114 |   303 |   475 ||   892
       Pair of quick bla |       |       |       |     4 ||     4
 Fire: Hunting sling     |    33 |       |       |       ||    33
Throw: Stone             |       |     3 |     1 |       ||     4
       Javelin           |       |       |     7 |       ||     7
Invok: Berserk           |       |       |       |     4 ||     4
       Trog's Hand       |       |       |       |     4 ||     4
  Use: Scroll            |       |     6 |    11 |     7 ||    24
  Eat: Ration            |     1 |       |     2 |     2 ||     5
       Chunk             |       |     5 |     6 |    10 ||    21
Armor: Scale mail        |    27 |    81 |    61 |       ||   169
       Ring mail         |       |       |    63 |   202 ||   265
Dodge: Dodged            |    15 |    62 |    86 |   144 ||   307
Block: Shield            |    26 |    80 |   160 |   323 ||   589

Table legend:
 A = Spawn XP
 B = Non-spawn XP
 C = Spawn XP percentage of total XP
 D = Spawn monster count
 E = Non-spawn monster count
 F = Spawn count percentage of total count
 G = Total turns spent on level
                    A         B        C        D         E        F      G
               +---------+---------+-------+---------+---------+-------+---------
         Total |       0 |   22769 |   0.0 |       0 |     352 |   0.0 | 10285
               +---------+---------+-------+---------+---------+-------+---------
           D:1 |       0 |     103 |   0.0 |       0 |      22 |   0.0 |  1572
           D:2 |       0 |     109 |   0.0 |       0 |      31 |   0.0 |   843
           D:3 |       0 |     203 |   0.0 |       0 |      36 |   0.0 |  1020
           D:4 |       0 |     709 |   0.0 |       0 |      20 |   0.0 |   430
           D:5 |       0 |     635 |   0.0 |       0 |      28 |   0.0 |   659
           D:6 |       0 |     437 |   0.0 |       0 |       9 |   0.0 |   698
           D:7 |       0 |    2335 |   0.0 |       0 |      35 |   0.0 |  1181
           D:8 |       0 |    3770 |   0.0 |       0 |      43 |   0.0 |  1069
           D:9 |       0 |    2822 |   0.0 |       0 |      34 |   0.0 |   541
          D:10 |       0 |    3692 |   0.0 |       0 |      43 |   0.0 |   693
          D:11 |       0 |    5250 |   0.0 |       0 |      34 |   0.0 |  1135
          D:12 |       0 |    2704 |   0.0 |       0 |      17 |   0.0 |   246
               +---------+---------+-------+---------+---------+-------+---------
